 Dungeon Crawl Stone Soup version 0.24.0-37-gcf1ca852f1 (webtiles) character file.

Game seed: 17576782182600841491, levelgen mode: deterministic

33 Goreval the Vexing (level 3, -4/27 HPs)
             Began as a Barachi Arcane Marksman on Dec 7, 2019.
             Slain by Terence
             ... wielding a +5 flail of holy wrath
              (9 damage)
             ... on level 2 of the Dungeon.
             The game lasted 00:06:13 (1603 turns).

Goreval the Vexing (Barachi Arcane Marksman)        Turns: 1603, Time: 00:06:14

Health: -4/27      AC:  3    Str: 11    XL:     3   Next: 29%
Magic:  5/5        EV: 12    Int: 14    God:
Gold:   68         SH:  0    Dex: 12    Spells: 1/5 levels left

rFire    . . .     SeeInvis .   a - +0 shortbow
rCold    . . .     Gourm    .   (shield currently unavailable)
rNeg     . . .     Faith    .   e - +0 robe
rPois    .         Spirit   .   (no helmet)
rElec    .         Reflect  .   h - +0 cloak
rCorr    .         Harm     .   (no gloves)
MR       .....                  (no boots)
Stlth    +.........             (no amulet)
HPRegen  0.09/turn              (no ring)
MPRegen  0.09/turn              (no ring)

@: can't hop, slow
A: +LOS, swims, slowness 1, strong legs 1
a: Hop


You were on level 2 of the Dungeon.
You were not hungry.

You visited 1 branch of the dungeon, and saw 2 of its levels.

You collected 68 gold pieces.

Inventory:

Hand Weapons
 a - a +0 shortbow (weapon)
 b - a +0 dagger
 k - a +0 whip
Missiles
 d - 6 arrows (quivered)
Armour
 e - a +0 robe (worn)
 h - a +0 cloak (worn)
Scrolls
 i - 5 scrolls of remove curse {unknown}
 n - 2 scrolls of identify {unknown}
 q - a scroll of immolation {unknown}
Potions
 c - a potion of might {unknown}
 j - a potion of degeneration {unknown}
 l - a potion of agility {unknown}
 m - a potion of invisibility {unknown}
 o - a potion of cancellation {unknown}
 p - a potion of curing {unknown}
Comestibles
 f - 2 rations


   Skills:
 + Level 1.9 Fighting
 * Level 2.6 Bows
 + Level 2.5 Dodging
 + Level 1.5 Spellcasting
 + Level 3.5 Hexes
 * Level 0.0 Translocations


You had one spell level left.
You knew the following spells:

 Your Spells              Type           Power        Failure   Level  Hunger
a - Corona                Hex            ##.....      6%          1    ##.....
b - Portal Projectile     Hex/Tloc       #.....       36%         3    ####...

Your spell library contained the following spells:

 Spells                   Type           Power        Failure   Level  Hunger
 Slow                     Hex            ##......     9%          2    ###....
 Inner Flame              Hex/Fire       #.......     36%         3    ####...
 Cause Fear               Hex            ##........   50%         4    #####..
 Leda's Liquefaction      Hex/Erth       #.........   77%         4    #####..


Dungeon Overview and Level Annotations

Branches:
Dungeon (2/15)

Altars:

Annotations:
D:2 Terence


Innate Abilities, Weirdness & Mutations

Shadows flee at your approach. (+LOS)
You can swim through water.
You cover ground slowly.
You can hop short distances.


Message History

Unknown command.
Okay, then.
Okay, then.
Okay, then.
Terence hits you with a +5 flail of holy wrath.
* * * LOW HITPOINT WARNING * * *
Unknown command.
Terence barely misses you.
Terence says, "Don't bother to defend, it's senseless."
Terence barely misses you.
Terence hits you with a +5 flail of holy wrath.
* * * LOW HITPOINT WARNING * * *
Unknown command.
There is a stone staircase leading up here.
Terence says, "You're history."
Firing (i - inventory)
d - 7 arrows (quivered)
Aim: Terence, wielding a +5 flail of holy wrath and wearing a +1 scale mail of cold resistance (heavily wounded)
You shoot an arrow. The arrow hits Terence!
Terence hits you with a +5 flail of holy wrath!
You die...

#############
#...........###
#.#########(... #.#
####.(.... #.#
#....##### #.#
#.#.(# #.. #####.#
#.#..###.# #.....#
#.#.(..... #.@...#
#.##.###.# #..@..#
#.##.# ### #.....#
#.#...
###.....####.#(..
.........<....#.###
#######.#####..#.
#.# ...... #.#
##..#.## ..# #..#.#


You could see Terence.

Vanquished Creatures
  A dart slug (D:2)
  2 leopard geckos (D:1)
  4 giant cockroaches
  4 goblins
  5 hobgoblins
  A ball python (D:1)
  4 bats (D:1)
  A frilled lizard (D:1)
  3 kobolds (D:1)
  A rat (D:1)
26 creatures vanquished.

Notes
Turn   | Place    | Note
-------+----------+-------------------------------------------
     0 | D:1      | Goreval the Barachi Arcane Marksman began the quest for the
                  | Orb.
     0 | D:1      | Reached XP level 1. HP: 15/15 MP: 2/2
   100 | D:1      | Reached XP level 2. HP: 17/21 MP: 0/3
  1189 | D:1      | Reached XP level 3. HP: 27/27 MP: 3/5
  1306 | D:2      | Noticed Terence
  1442 | D:2      | Learned a level 3 spell: Portal Projectile
  1603 | D:2      | Slain by Terence

Levels and vault maps discovered:
D:1:      psy_arrival_basics, layout_basic
D:2:      layout_loops_ring, gammafunk_temple_overflow_elements, first_ration,
          hangedman_decor_push, uniq_terence

Action                   || total
-------------------------++-------
Melee: Dagger            ||    39
 Fire: Shortbow          ||    60
 Cast: Corona            ||     9
 Abil: Hop               ||     2
  Eat: Chunk             ||     3
Armor: Robe              ||    24
Dodge: Dodged            ||    52
